 Dungeon Sprint DCSS version 0.27-a0-1245-g940ed4fa31 (webtiles) character file.

Game seed: 2313465977057848111

5712 night the Wrestler (level 10, -9/88 HPs)
             Began as a Troll Fighter on June 9, 2021.
             Was an Initiate of Gozag.
             Mangled by a catoblepas (16 damage)
             ... while petrified by a catoblepas
             ... in the Dungeon (Sprint IX: "|||||||||||||||||||||||||||||").
             The game lasted 00:03:42 (446 turns).

night the Wrestler (Troll Fighter)                   Turns: 446, Time: 00:03:42

Health: -9/88      AC:  4    Str: 29    XL:     10   Next: 48%
Magic:  9/9        EV:  1    Int:  4    God:    Gozag
Gold:   421        SH:  0    Dex: 12    Spells: 9/9 levels left

rFire    . . .     SeeInvis .     - Unarmed
rCold    . . .     Faith    .   b - +0 kite shield
rNeg     + + +     Spirit   .   a - +0 robe
rPois    ∞         Reflect  .   (helmet restricted)
rElec    .         Harm     .   (no cloak)
rCorr    .         Rampage  .   (gloves unavailable)
Will     .....     NoTele   +   (boots unavailable)
Stlth    +.........             c - amulet of magic regeneration
HPRegen  1.24/turn              n - +2 ring of evasion
MPRegen  0.36/turn              m - +3 ring of dexterity

@: mighty, brilliant, petrified
A: large, unfitting armour, claws 3, regeneration 1, shaggy fur 1, tough skin 1,
poison resistance
a: Renounce Religion, Potion Petition, Call Merchant, Bribe Branch


You were in the Dungeon.
You worshipped Gozag.
Gozag was aware of your devotion.
You visited 1 branch You collected 1521 gold pieces.
You paid 1100 gold pieces to Gozag.

Inventory:

Armour
 a - a +0 robe (worn)
 b - a +0 kite shield (worn)
Jewellery
 c - an amulet of magic regeneration (around neck)
 m - a +3 ring of dexterity (right claw)
 n - a +2 ring of evasion (left claw)
Wands
 l - a wand of acid (4)
Scrolls
 f - a scroll of fog
 h - a scroll of fear
 i - 3 scrolls of blinking
 k - 2 scrolls of amnesia
 o - 2 scrolls of enchant armour
 p - a scroll of identify
Potions
 d - 10 potions of curing
 e - a potion of heal wounds
 g - 4 potions of magic
 j - a potion of invisibility


   Skills:
 - Level 2.4 Fighting
 - Level 2.4 Dodging
 - Level 5.6 Shields
 * Level 21.9 Unarmed Combat


You had 9 spell levels left.
You didn't know any spells.
Your spell library was empty.

Dungeon Overview and Level Annotations

Branches:
Dungeon (1/1)

Altars:
Cheibriados
Dithmenos
Elyvilon
Fedhas
Gozag
Hepliaklqana
Kikubaaqudgha
Makhleb
Nemelex Xobeh
Okawaru
Qazlal
Ru
Sif Muna
Trog
Uskayaw
Vehumet
Wu Jian
Xom
Yredelemnul
Zin
The Shining One
Beogh
Jiyva
Lugonu


Innate Abilities, Weirdness & Mutations

You are too large for most types of armour.
You have claws for hands.
Your natural rate of healing is unusually fast.
You are covered in fur. (AC +1)
You have tough skin. (AC +1)
Your system is resistant to poisons. (rPois)


Message History

The bullfrog is severely wounded.
The bullfrog closely misses you.
You claw the bullfrog!
You kill the bullfrog!
The catoblepas is no longer distracted by gold.
The catoblepas breathes a plume of calcifying dust at you.
The blast of calcifying dust hits you.
You see here 72 gold pieces.
You claw the catoblepas!
The catoblepas is lightly wounded.
You are engulfed in calcifying dust.
The catoblepas gores you!!
You scratch the catoblepas but do no damage.
The catoblepas is lightly wounded.
You are engulfed in calcifying dust.
The catoblepas is distracted by your dazzling golden aura.
You catch the helpless catoblepas completely off-guard!
You mangle the catoblepas!!
The catoblepas is no longer distracted by gold.
The catoblepas is heavily wounded.
You are engulfed in calcifying dust.
You are slowing down.
You mangle the catoblepas!!
The catoblepas is almost dead.
You are engulfed in calcifying dust.
The catoblepas gores you.
Your limbs are stiffening.
You barely miss the catoblepas.
The catoblepas is almost dead.
You are engulfed in calcifying dust.
Your limbs have turned to stone.
The catoblepas breathes a plume of calcifying dust at you.
The blast of calcifying dust hits you! The catoblepas gores you.
You have turned to stone.
You are engulfed in calcifying dust.
The catoblepas gores you!!
* * * LOW HITPOINT WARNING * * *
The catoblepas gores you!!
* * * LOW HITPOINT WARNING * * *
The catoblepas gores you!
* * * LOW HITPOINT WARNING * * *
The catoblepas gores you!!
You die...
Your body crumbles into a pile of gold. $$$$$$$$$$$ $$$$$$$$$$$$$

▓▓▓▓▓▓▓▓▓▓▓▓▓▓▓▓▓▓▓▓▓▓▓▓
......Y@$§...§).......'.
▓▓▓▓▓▓▓▓▓▓▓▓▓▓▓▓▓▓▓▓▓▓▓▓▓▓▓▓▓▓▓▓▓
.................................
▓▓▓▓▓▓▓▓▓▓▓▓▓▓▓▓▓▓▓▓▓▓▓▓▓▓▓▓▓▓▓▓▓
______________________'.....†....
▓▓▓▓▓▓▓▓▓▓▓▓▓▓▓▓▓▓▓▓▓▓▓▓▓▓▓▓▓▓▓▓▓


You could see a catoblepas.

Vanquished Creatures
  2 hydras (D)
  A boulder beetle (D)
  2 two-headed ogres (D)
  A cane toad (D)
  An efreet (D)
  3 trolls (D)
  3 yaks (D)
  A wraith (D)
  A vampire mosquito (D)
  2 water moccasins (D)
  2 bullfrogs (D)
  2 scorpions (D)
  An iguana (D)
  An orc wizard (D)
  An adder (D)
  A jackal (D)
  2 quokkas (D)
  3 rats (D)
30 creatures vanquished.

Notes
Turn   | Place    | Note
-------+----------+-------------------------------------------
     0 | D        | night the Troll Fighter began the quest for the Orb.
     0 | D        | Reached XP level 1. HP: 22/22 MP: 0/0
    14 | D        | Reached skill level 3 in Unarmed Combat
    32 | D        | Noticed a scorpion
    32 | D        | Noticed a scorpion
    32 | D        | Noticed an iguana
    34 | D        | Killed an iguana
    35 | D        | Reached skill level 5 in Unarmed Combat
    35 | D        | Reached XP level 2. HP: 29/29 MP: 1/1
    35 | D        | Reached XP level 3. HP: 36/36 MP: 2/2
    37 | D        | Killed a scorpion
    38 | D        | Reached skill level 7 in Unarmed Combat
    38 | D        | Reached XP level 4. HP: 37/44 MP: 3/3
    48 | D        | Killed a scorpion
    49 | D        | Reached skill level 5 in Shields
    49 | D        | Reached skill level 8 in Unarmed Combat
    49 | D        | Reached XP level 5. HP: 36/50 MP: 4/4
    67 | D        | Found a snail-covered altar of Cheibriados.
    67 | D        | Found a shadowy altar of Dithmenos.
    67 | D        | Found a white marble altar of Elyvilon.
    67 | D        | Found a blossoming altar of Fedhas.
    67 | D        | Found an opulent altar of Gozag.
    68 | D        | Found a hazy altar of Hepliaklqana.
    69 | D        | Found a viscous altar of Jiyva.
    70 | D        | Found an ancient bone altar of Kikubaaqudgha.
    71 | D        | Found a corrupted altar of Lugonu.
    72 | D        | Found a burning altar of Makhleb.
    73 | D        | Found a sparkling altar of Nemelex Xobeh.
    74 | D        | Found an iron altar of Okawaru.
    75 | D        | Became a worshipper of Gozag Ym Sagoz the Greedy
    76 | D        | Found a stormy altar of Qazlal.
    77 | D        | Found a sacrificial altar of Ru.
    78 | D        | Found a shimmering blue altar of Sif Muna.
    79 | D        | Found a bloodstained altar of Trog.
    80 | D        | Found a hide-covered altar of Uskayaw.
    81 | D        | Found a radiant altar of Vehumet.
    82 | D        | Found an ornate altar of the Wu Jian Council.
    83 | D        | Found a shimmering altar of Xom.
    84 | D        | Found a basalt altar of Yredelemnul.
    85 | D        | Found a glowing silver altar of Zin.
    86 | D        | Found a glowing golden altar of the Shining One.
   112 | D        | Noticed a troll
   112 | D        | Noticed a two-headed ogre
   112 | D        | Noticed a yak
   112 | D        | Noticed a wraith
   112 | D        | Noticed a yak
   117 | D        | Killed a yak
   118 | D        | Reached skill level 11 in Unarmed Combat
   118 | D        | Reached XP level 6. HP: 59/59 MP: 5/5
   135 | D        | Killed a wraith
   136 | D        | Reached skill level 13 in Unarmed Combat
   138 | D        | Killed a yak
   139 | D        | Reached XP level 7. HP: 54/66 MP: 6/6
   142 | D        | Killed a two-headed ogre
   143 | D        | Reached skill level 16 in Unarmed Combat
   143 | D        | Reached XP level 8. HP: 25/74 MP: 7/7
   147 | D        | Killed a troll
   198 | D        | Noticed a two-headed ogre
   198 | D        | Noticed a troll
   198 | D        | Noticed an eight-headed hydra
   198 | D        | Noticed a troll
   198 | D        | Noticed an efreet
   203 | D        | Killed an efreet
   204 | D        | Reached skill level 17 in Unarmed Combat
   208 | D        | Killed an 11-headed hydra
   209 | D        | Reached skill level 18 in Unarmed Combat
   209 | D        | Reached XP level 9. HP: 32/80 MP: 8/8
   209 | D        | Killed a troll
   209 | D        | Killed a troll
   210 | D        | Reached skill level 19 in Unarmed Combat
   220 | D        | Killed a two-headed ogre
   221 | D        | Reached skill level 20 in Unarmed Combat
   349 | D        | Gained mutation: Your system is resistant to poisons.
                  | (rPois) [potion of mutation]
   374 | D        | Noticed a cane toad
   374 | D        | Noticed a seven-headed hydra
   376 | D        | Noticed a boulder beetle
   379 | D        | Killed a seven-headed hydra
   380 | D        | Reached XP level 10. HP: 88/88 MP: 9/9
   383 | D        | Reached skill level 21 in Unarmed Combat
   389 | D        | Killed a cane toad
   390 | D        | Noticed a catoblepas
   399 | D        | Killed a boulder beetle
   444 | D        | HP: 8/88 [catoblepas (15)]
   446 | D        | Mangled by a catoblepas

Illustrated notes

Levels and vault maps discovered:
D:        linesprint [early_d, line_temple, items_1, d_10, items_2, lair_1,
          lair_end, items_3, orc_1, orc_end, items_4, d_15, swamp_1, shoals_1,
          snake_1, spider_1, d_20, vaults_1, items_5, swamp_end, shoals_end,
          snake_end, spider_end, vaults_end, d_27, items_6, zot_1, zot_end,
          crypt_end, forest_end, elf_end, slime_end, tomb_end, abyss_end,
          pan_hell_end]

Skill      XL: |  1  2  3  4  5  6  7  8  9 10 |
---------------+-------------------------------+-----
Unarmed Combat | 5 7 8 11 13 16 18 20 21 | 21.9
Shields        | 3 4 5 |  5.6
Fighting       | |  2.4
Dodging        | |  2.4

Action                   |  1- 3 |  4- 6 |  7- 9 | 10-12 || total
-------------------------+-------+-------+-------+-------++-------
Melee: Unarmed           |    27 |    31 |    24 |    25 ||   107
Invok: Potion Petition   |       |       |     2 |       ||     2
Evoke: Wand              |       |       |     6 |       ||     6
  Use: Potion            |       |     3 |     3 |       ||     6
 Stab: Distracted        |       |       |       |     1 ||     1
Armor: Robe              |     9 |     4 |     1 |       ||    14
       Skin              |       |       |     1 |     2 ||     3
Dodge: Dodged            |    10 |     6 |     8 |     2 ||    26
Block: Kite shield       |     6 |    13 |     9 |     1 ||    29

Table legend: (Time is in decaauts)
 A = Elapsed time spent in this place.
 B = Non-inter-level travel time spent in this place.
 C = Inter-level travel time spent in this place.
 D = Time resting spent in this place.
 E = Time spent auto-exploring this place.
 F = Levels seen in this place.
 G = Mean time per level.
                   A        B        C        D        E       F      G
               +--------+--------+--------+--------+--------+-----+--------+
         Total |    398 |    384 |     14 |     59 |     91 |   1 |  398.0 |
       Dungeon |    398 |    384 |     14 |     59 |     91 |   1 |  398.0 |
               +--------+--------+--------+--------+--------+-----+--------+

Top non-repeatable levels by time:
       D: 398 daAuts
